 Dungeon Crawl Stone Soup version 0.28-a0-1415-g7c84da036a (webtiles) character file.

Game seed: 12529410518791076305

443 SensoryNuts the Insei (level 6, -7/47 HPs)
             Began as a Draconian Transmuter on Jan 8, 2022.
             Killed by nerve-wracking pain
             ... invoked by Grinder
              (9 damage)
             ... on level 4 of the Dungeon.
             The game lasted 00:05:27 (4739 turns).

SensoryNuts the Insei (Draconian Transmuter)        Turns: 4739, Time: 00:05:28

Health: -7/47      AC:  2    Str: 12    XL:     6   Next: 71%
Magic:  9/12       EV: 19    Int: 15    God:
Gold:   92         SH:  0    Dex: 17    Spells: 7/13 levels left

rFire   . . .      SeeInvis .     - Unarmed
rCold   . . .      Faith    .   (shield currently unavailable)
rNeg    . . .      Spirit   .   (armour unavailable)
rPois   x          Reflect  .   (helmet currently unavailable)
rElec   .          Harm     .   (cloak currently unavailable)
rCorr   .          Rampage  .   (gloves currently unavailable)
Will    .....                   (boots currently unavailable)
Stlth   ++........              (no amulet)
HPRegen 0.15/turn               (no ring)
MPRegen 0.13/turn               (no ring)

@: spider-form
A: venomous fangs, AC +6, tiny, unfitting armour, (cold-blooded)
a: End Transformation


You were on level 4 of the Dungeon.
You were a venomous arachnid creature.
You visited 1 branch of the dungeon, and saw 4 of its levels.

You collected 92 gold pieces.

Inventory:

Wands
 d - a wand of charming (1)
Scrolls
 a - a scroll of magic mapping {unknown}
 b - a scroll of acquirement {unknown}
 e - 2 scrolls of teleportation
Potions
 c - 2 potions of curing


   Skills:
 + Level 1.3 Fighting
 + Level 2.4 Dodging
 + Level 0.8 Stealth
 + Level 5.0 Unarmed Combat
 + Level 4.0 Spellcasting
 + Level 3.8 Transmutations
 + Level 0.1 Earth Magic


You had 7 spell levels left.
You knew the following spells:

 Your Spells              Type           Power      Damage    Failure   Level
a - Beastly Appendage     Tmut           28%        N/A       12%         1
b - Spider Form           Tmut/Pois      8%         N/A       45%         3
c - Passwall              Tmut/Erth      6%         N/A       28%         2

Your spell library contained the following spells:

 Spells                   Type           Power      Damage    Failure   Level
 Wereblood                Tmut           14%        N/A       16%         2
 Slow                     Hex            12%        N/A       38%         1
 Confusing Touch          Hex            3%         N/A       69%         3
 Swiftness                Air            3%         N/A       69%         3
 Vampiric Draining        Necr           3%         2d6       69%         3
 Ice Form                 Ice/Tmut       8%         N/A       82%         4


Dungeon Overview and Level Annotations

Branches:
Dungeon (4/15)
 Temple: D:4-7

Altars:
Makhleb
Okawaru
Yredelemnul

Shops:
D:1 !

Annotations:
D:4 Grinder


Innate Abilities, Weirdness & Mutations

You are a venomous arachnid creature.
You have poisonous fangs.
You are tiny and dextrous.
Your spellcasting is less reliable in this form.
Your armour is entirely melded.
You are incapable of wielding weapons or throwing items.
((Your plain brown scales are hard. (AC +6)))
You cannot fit into any form of body armour.
((You are cold-blooded and may be slowed by cold attacks.))


Message History

Grinder blinks!
Grinder closely misses you.
You hit Grinder. You claw Grinder, but do no damage.
Your tail-slap misses Grinder.
Grinder is heavily wounded.
Grinder hits you!
You closely miss Grinder. You claw Grinder.
Grinder is severely wounded.
Your horns disappear.
Your talons disappear.
Grinder closely misses you.
You hit Grinder.
Grinder is severely wounded.
Grinder hits you.
You writhe in agony.
You are too injured to fight recklessly!
You are too injured to fight recklessly!
You are too injured to fight recklessly!
You are too injured to fight recklessly!
You are too injured to fight recklessly!
You are too injured to fight recklessly!
You are too injured to fight recklessly!
You are too injured to fight recklessly!
Casting: Beastly Appendage (safe; 3% risk of failure)
Confirm with . or Enter, or press ? or * to list all spells.
You turn into a venomous arachnid creature.
Grinder barely misses you.
You barely miss Grinder.
Grinder is severely wounded.
Grinder misses you.
You barely miss Grinder.
Grinder is severely wounded.
You hit Grinder.
Grinder is almost dead.
Grinder gestures at you. Pain shoots through your body!
* * * LOW HITPOINT WARNING * * *
You hit Grinder.
Grinder is almost dead.
Grinder gestures at you. Pain shoots through your body!
You die...

## ######
.##############....#
.#...#........#..5.#
.#...#........#.s..#
.#...'........#....#
.#...#........'....#
.#..##..##....#....#
.#..##..#######..>.#
.'......# #....#
.#........ +....#
.#..##.... #....#
.######### #....#


You could see Grinder.

Vanquished Creatures
  A black bear (D:3)
  An ogre (D:4)
  A scorpion (D:4)
  2 orc priests (D:3)
  An iguana (D:4)
  Robin (D:3)
  3 gnolls (D:4)
  2 adders (D:3)
  2 worms
  A dart slug (D:3)
  An orc (D:3)
  6 ball pythons
  6 endoplasms
  3 giant cockroaches
  10 goblins
  12 hobgoblins
  3 quokkas
  6 bats
  2 frilled lizards (D:1)
  6 kobolds
  3 rats
73 creatures vanquished.

Notes
Turn   | Place    | Note
-------+----------+-------------------------------------------
     0 | D:1      | SensoryNuts the Draconian Transmuter began the quest for
                  | the Orb.
     0 | D:1      | Reached XP level 1. HP: 16/16 MP: 3/3
   204 | D:1      | Reached XP level 2. HP: 14/23 MP: 3/5
   622 | D:1      | Found Ithragucs's Distillery.
  1402 | D:2      | Reached XP level 3. HP: 28/28 MP: 4/6
  1497 | D:2      | Found an iron altar of Okawaru.
  1910 | D:2      | Found a faded altar of an unknown god.
  2111 | D:3      | Noticed a black bear
  2119 | D:3      | Killed a black bear
  2120 | D:3      | Reached skill level 4 in Unarmed Combat
  2120 | D:3      | Reached XP level 4. HP: 29/35 MP: 5/8
  2245 | D:3      | Reached XP level 5. HP: 33/40 MP: 9/9
  2321 | D:3      | Learned a level 3 spell: Spider Form
  2594 | D:3      | Learned a level 2 spell: Passwall
  3350 | D:3      | Found a basalt altar of Yredelemnul.
  3717 | D:4      | Noticed Robin
  3741 | D:3      | Killed Robin
  4198 | D:4      | Reached XP level 6. HP: 47/47 MP: 9/11
  4279 | D:4      | Reached skill level 5 in Unarmed Combat
  4545 | D:4      | Found a burning altar of Makhleb.
  4721 | D:4      | Noticed Grinder
  4738 | D:4      | HP: 1/47 [Grinder/nerve-wracking pain (14)]
  4739 | D:4      | Killed from afar by Grinder

Illustrated notes

Levels and vault maps discovered:
D:1:      eino_arrival_druids_welcome, layout_basic, serial_shops, shop,
          chequers_serial_rivers_large_a, minmay_bisected
D:2:      layout_basic, ebering_ecumenical_altar_abandoned, basic_altar
D:3:      layout_basic, marbit_many_paths, serial_glass, glass_columns_a,
          glass_columns_a, glass_columns_a, glass_columns_c, glass_columns_a,
          glass_columns_c
D:4:      layout_gridville, nicolae_overflow_hidden_temple, kennysheep_mini,
          lightli_temple_of_fire, uniq_robin, uniq_grinder, uniq_duvessa

Skill      XL: |  1  2  3  4  5  6 |
---------------+-------------------+-----
Dodging        | 2 |  2.4
Unarmed Combat | 4 5 |  5.0
Transmutations | 3 |  3.8
Spellcasting   | 3 4 |  4.0
Fighting       | |  1.3
Stealth        | |  0.8
Earth Magic    | |  0.1

Action                   |  1- 3 |  4- 6 || total
-------------------------+-------+-------++-------
Melee: Unarmed           |    95 |   112 ||   207
       Kick              |    21 |    33 ||    54
       Headbutt          |     9 |    16 ||    25
       Tailslap          |     5 |    15 ||    20
       Punch             |     3 |     1 ||     4
 Cast: Beastly Appendage |    29 |    24 ||    53
       Spider Form       |       |     2 ||     2
       Passwall          |       |     1 ||     1
  Use: Potion            |     2 |     4 ||     6
       Scroll            |     1 |     1 ||     2
 Stab: Sleeping          |       |     1 ||     1
Armor: Skin              |    22 |    16 ||    38
Dodge: Dodged            |    68 |    59 ||   127

Table legend: (Time is in decaauts)
 A = Elapsed time spent in this place.
 B = Non-inter-level travel time spent in this place.
 C = Inter-level travel time spent in this place.
 D = Time resting spent in this place.
 E = Time spent auto-exploring this place.
 F = Levels seen in this place.
 G = Mean time per level.
                   A        B        C        D        E       F      G
               +--------+--------+--------+--------+--------+-----+--------+
         Total |   4747 |   4557 |    190 |     43 |   3934 |   4 | 1186.8 |
       Dungeon |   4747 |   4557 |    190 |     43 |   3934 |   4 | 1186.8 |
               +--------+--------+--------+--------+--------+-----+--------+

Top non-repeatable levels by time:
     D:3: 1997 daAuts
     D:1: 1193 daAuts
     D:2: 912 daAuts
     D:4: 643 daAuts
